 Dungeon Crawl Stone Soup version 0.20.1-1-g8b1a95d (webtiles) character file.

3593 iopi the Basher (level 9, -16/89 HPs)
             Began as a Troll Berserker on Oct 19, 2017.
             Was a Priest of Trog.
             Killed from afar by Erica (21 damage)
             ... with an orb of energy
             ... on level 8 of the Dungeon.
             The game lasted 01:29:35 (7296 turns).

iopi the Basher (Troll Berserker)                   Turns: 7296, Time: 01:29:35

Health: -16/89     AC:  8    Str: 25    XL:     9   Next: 85%
Magic:  8/8        EV: 13    Int:  7    God:    Trog [***...]
Gold:   358        SH:  0    Dex: 13    Spells: 8/8 levels left

rFire    . . .     SeeInvis .   B - +0 giant club
rCold    . . .     Gourm    +   (shield currently unavailable)
rNeg     . . .     Faith    .   j - +1 robe (curse)
rPois    .         Spirit   .   (helmet restricted)
rElec    .         Reflect  .   (no cloak)
rCorr    .         Harm     .   (gloves unavailable)
MR       ++...     Clarity  +   (boots unavailable)
Stlth    +++.......             (no amulet)
Regen    1.7/turn               l - +3 ring of intelligence
MPRegen  0.2/turn               A - ring of stealth

@: lethally poisoned (-16 -> -16), regenerating
A: unfitting armour, claws 3, hooves 1, yellow scales 1, agile 1, clarity, fast
metabolism 3, gourmand, regeneration 1, screaming 1, shaggy fur 1, tough skin 2,
weak 1
a: Berserk, Trog's Hand, Burn Spellbooks, Renounce Religion


You were on level 8 of the Dungeon.
You worshipped Trog.
Trog was most pleased with you.
You were very full.

You visited 1 branch of the dungeon, and saw 8 of its levels.

You collected 358 gold pieces.

Inventory:

Hand Weapons
 a - a +0 mace
 g - a +0 giant club
 p - a +0 mace
 u - a +0 flail
 x - a +0 scythe
 B - a +0 giant club (weapon)
 C - a +0 shortbow
Missiles
 D - 43 arrows
Armour
 b - a +2 animal skin
 j - a cursed +1 robe (worn)
 n - a scarf of cloud immunity
 y - a +1 robe of positive energy
 G - a +1 cloak
Jewellery
 l - a +3 ring of intelligence (left claw)
 r - an uncursed amulet of rage
 A - a ring of stealth (right claw)
Wands
 e - a wand of digging (6/24)
 f - a wand of lightning (4/15)
 m - a wand of disintegration (3/24)
Scrolls
 o - 2 scrolls of teleportation
 q - 2 scrolls of enchant armour
 w - a scroll of amnesia
 z - a scroll of remove curse {unknown}
 F - a scroll of recharging
Potions
 c - 2 potions of flight {unknown}
 d - 2 potions of haste
 h - 2 potions of cancellation {unknown}
 i - 2 potions of curing {unknown}
 k - 4 potions of heal wounds {unknown}
 t - a potion of invisibility {unknown}
 v - 2 potions of degeneration {unknown}
 I - a potion of agility {unknown}
 J - a potion of might {unknown}
Comestibles
 s - 2 royal jellies
 E - 2 chunks of flesh


   Skills:
 + Level 6.0 Fighting
 + Level 9.6 Maces & Flails
 + Level 6.0 Dodging
 + Level 1.5 Stealth
 + Level 0.9 Evocations


You had 8 spell levels left.
You didn't know any spells.

Dungeon Overview and Level Annotations

Branches:
Dungeon (8/15)             Temple (0/1) D:7
   Lair: D:8-11

Altars:
Gozag
Nemelex Xobeh
Okawaru
Uskayaw
Xom
Yredelemnul
Zin

Annotations:
D:3 tarantulino's ghost, amateur HaSk
D:8 Erica


Innate Abilities, Weirdness & Mutations

You are too large for most types of armour.
You have claws for hands.
Your metabolism is lightning-fast.
You like to eat raw meat.
Your natural rate of healing is unusually fast.
You are covered in fur. (AC +1)
You have very tough skin. (AC +2)
You have large cloven feet.
You are partially covered in yellow scales. (AC +2)
You are agile. (Dex +2)
You possess an exceptional clarity of mind.
You occasionally shout uncontrollably at your foes.
You are weak. (Str -2)


Message History

* * * LOW HITPOINT WARNING * * *
Something burns you.
* * * LOW HITPOINT WARNING * * *
Something hits you but does no damage.
You feel sick.
You closely miss something. You kick something!
Something hits you but does no damage.
You closely miss something.
You feel sick. Something hits you.
* * * LOW HITPOINT WARNING * * *
Something burns you.
* * * LOW HITPOINT WARNING * * *
You feel sick. Something hits you!
* * * LOW HITPOINT WARNING * * *
Something burns you.
* * * LOW HITPOINT WARNING * * *
You feel sick.
You hear some strange, mumbled words.
An orb of energy appears from out of thin air!
The orb of energy hits you!
You die...

[.... # .....
...#### ......
.......#####
....... #.@...##
.......##
#####..###.####....
##.....[.......
###...######..
#.### #.# ##.# #.#
#..# #.# #.## #..
##.# #..


There were no monsters in sight!

Vanquished Creatures
  Maurice (D:8)
  Grinder (D:3)
  Sigmund (D:5)
  A hungry ghost (D:7)
  Grum (D:8)
  An orc warrior (D:8)
  An ice beast (D:6)
  4 sky beasts
  A phantom (D:6)
  2 ogres
  A necrophage (D:8)
  3 centaurs
  3 wolves (D:8)
  2 scorpions
  A howler monkey (D:5)
  3 centaur zombies
  A crimson imp (D:8)
  4 orc priests
  2 jellies
  A centaur skeleton (D:4)
  4 hounds
  5 orc wizards
  A bullfrog skeleton (D:6)
  3 iguanas
  7 worker ants
  A killer bee zombie (D:8)
  A hound zombie (D:7)
  A worker ant zombie (D:7)
  10 adders
  A gnoll (D:1)
  2 oozes
  2 worms
  2 adder skeletons (D:5)
  An adder zombie (D:6)
  2 dart slugs (D:2)
  4 leopard geckos
  18 orcs
  4 ball pythons
  6 giant cockroaches
  8 goblins
  14 hobgoblins
  2 jackals (D:2)
  5 kobolds
  7 quokkas
  4 bats
  5 frilled lizards
  5 rats
160 creatures vanquished.

Notes
Turn   | Place    | Note
-------+----------+-------------------------------------------
     0 | D:1      | iopi the Troll Berserker began the quest for the Orb.
     0 | D:1      | Reached XP level 1. HP: 22/22 MP: 0/0
   119 | D:1      | Reached XP level 2. HP: 28/29 MP: 1/1
   352 | D:1      | Reached skill level 3 in Maces & Flails
   785 | D:2      | Reached XP level 3. HP: 25/36 MP: 2/2
   912 | D:2      | Reached ** piety under Trog
  1243 | D:2      | Reached XP level 4. HP: 42/44 MP: 3/3
  1832 | D:3      | Found an opulent altar of Gozag.
  2027 | D:3      | Found a blossoming altar of Fedhas.
  2029 | D:3      | Found a shimmering altar of Xom.
  2029 | D:3      | Found a shattered altar of Ashenzari.
  2031 | D:3      | Found an iron altar of Okawaru.
  2031 | D:3      | Found a shattered altar of Ashenzari.
  2031 | D:3      | Found a shimmering altar of Xom.
  2144 | D:3      | Noticed Grinder
  2144 | D:3      | Paralysed by Grinder for 3 turns
  2169 | D:3      | Paralysed by Grinder for 3 turns
  2172 | D:3      | Killed Grinder
  2172 | D:3      | Reached skill level 4 in Maces & Flails
  2172 | D:3      | Reached XP level 5. HP: 49/54 MP: 4/4
  2172 | D:3      | Reached XP level 6. HP: 57/62 MP: 5/5
  2392 | D:3      | Noticed an angel
  2393 | D:3      | Found a glowing silver altar of Zin.
  2520 | D:3      | Noticed tarantulino's ghost (amateur HaSk)
  3381 | D:4      | Reached skill level 5 in Maces & Flails
  3751 | D:5      | Entered Level 5 of the Dungeon
  3762 | D:5      | Reached XP level 7. HP: 45/70 MP: 6/6
  3840 | D:4      | Gained mutation: Scrolls take you a little longer to read. [mutagenic meat]
  3841 | D:4      | Gained mutation: You are partially covered in yellow scales. (AC +2) [mutagenic meat]
  3842 | D:4      | Gained mutation: You occasionally shout uncontrollably at your foes. [mutagenic meat]
  3844 | D:4      | Gained mutation: You have large cloven feet. [mutagenic meat]
  4006 | D:5      | Reached *** piety under Trog
  4372 | D:5      | Noticed Sigmund
  4407 | D:5      | HP: 2/71 [something (9)]
  4409 | D:5      | Killed Sigmund
  4409 | D:5      | Reached skill level 6 in Maces & Flails
  4409 | D:5      | Reached XP level 8. HP: 3/79 MP: 7/7
  5056 | D:6      | Reached skill level 5 in Dodging
  5059 | D:6      | Found a hide-covered altar of Uskayaw.
  5169 | D:6      | Found a basalt altar of Yredelemnul.
  5192 | D:6      | Reached skill level 1 in Stealth
  5359 | D:6      | Reached skill level 7 in Maces & Flails
  5373 | D:6      | Found a sparkling altar of Nemelex Xobeh.
  5517 | D:6      | Reached skill level 5 in Fighting
  5579 | D:6      | Gained mutation: You are weak. (Str -2) [mutagenic meat]
  5580 | D:6      | Gained mutation: You are agile. (Dex +2) [mutagenic meat]
  5581 | D:6      | Gained mutation: You are frail. (-10% HP) [mutagenic meat]
  5582 | D:6      | Gained mutation: You possess an exceptional clarity of mind. [mutagenic meat]
  5583 | D:6      | Lost mutation: Scrolls take you a little longer to read. [mutagenic meat]
  5584 | D:6      | Lost mutation: You are frail. (-10% HP) [mutagenic meat]
  6211 | D:7      | Reached XP level 9. HP: 67/88 MP: 8/8
  6214 | D:7      | Reached skill level 8 in Maces & Flails
  6705 | D:7      | Found a staircase to the Ecumenical Temple.
  6932 | D:8      | Noticed Maurice
  6939 | D:8      | Killed Maurice
  6939 | D:8      | Reached skill level 9 in Maces & Flails
  6976 | D:8      | Found an iron altar of Okawaru.
  7077 | D:8      | Noticed Grum
  7084 | D:8      | Reached **** piety under Trog
  7104 | D:8      | Killed Grum
  7274 | D:8      | Noticed Erica
  7293 | D:8      | HP: 1/89 [something (4)]
  7296 | D:8      | Killed from afar by Erica

Skill      XL: |  1  2  3  4  5  6  7  8  9 |
---------------+----------------------------+-----
Maces & Flails | 3 4 5 6 7 9 |  9.6
Dodging        | 3 4 5 6 |  6.0
Fighting       | 3 4 5 6 |  6.0
Stealth        | 1 |  1.5
Evocations     | |  0.9

Action                   |  1- 3 |  4- 6 |  7- 9 || total
-------------------------+-------+-------+-------++-------
Melee: Mace              |    88 |   192 |    50 ||   330
       Flail             |       |       |   130 ||   130
       Kick              |       |       |   100 ||   100
       Giant club        |       |       |   133 ||   133
Invok: Berserk           |       |     4 |     2 ||     6
       Trog's Hand       |       |     3 |     5 ||     8
Evoke: Wand              |       |       |     6 ||     6
  Use: Scroll            |       |    10 |     5 ||    15
       Potion            |       |       |     1 ||     1
 Stab: Sleeping          |     1 |       |     1 ||     2
  Eat: Bread ration      |     2 |     2 |     2 ||     6
       Royal jelly       |       |     2 |     1 ||     3
       Fruit             |       |     2 |       ||     2
       Chunk             |       |    15 |    41 ||    56
       Meat ration       |       |       |     1 ||     1
Armor: Animal skin       |    40 |    18 |       ||    58
       Robe              |       |    58 |   127 ||   185
Dodge: Dodged            |    57 |   157 |   178 ||   392
